AoeStats
← L_S_D_D_S_L

Arabia

503122422Analyzed
2v2 RM · 1mo ago on Aug 30, 2026· 30m 7s· 4 players
Game mode
Random Map
Map size
Medium (4 player)
Population
200
Speed
Normal
Resources
Standard
Victory
Conquest
Starting age
Dark Age
Ending age
Imperial Age
RankedLock teamsTeams togetherTeam positionsShared explorationLock speedFull tech treeHidden civsTurbo modeCheats
Victory
Defeat
🇷🇺 Britons · Russia
1168
+12
🇷🇺 Armenians · Russia
1108
+14
🇩🇪 Saracens · Germany
1098
-14
🇮🇹 Magyars · Italy
1046
-12
L_S_D_D_S_L
8:03 Loom
10:04 Feudal Age
8:20 Loom
10:32 Double-Bit Axe
10:30 Horse Collar
19:12 Castle Age
18:36 Wheelbarrow
18:37 Bloodlines
19:14 Fletching
19:57 Scale Barding Armor
20:12 Padded Archer Armor
22:25 Leather Archer Armor
24:52 Husbandry
26:02 Bodkin Arrow
27:54 Heavy Plow
28:07 Bow Saw
28:46 Chain Barding Armor
RRhino
7:42 Loom
10:06 Feudal Age
11:08 Double-Bit Axe
11:16 Horse Collar
14:50 Bloodlines
16:36 Scale Barding Armor
17:28 Forging
21:22 Castle Age
20:54 Fletching
24:00 Gold Mining
24:24 Bow Saw
24:22 Heavy Plow
26:20 Bodkin Arrow
Прекрасный
0:28 Loom
11:51 Feudal Age
11:59 Man-at-Arms
14:45 Horse Collar
15:42 Long Swordsman
16:09 Arson
16:22 Pikeman
18:48 Wheelbarrow
17:59 Town Watch
20:24 Fletching
20:47 Forging
20:37 Scale Mail Armor
22:16 Double-Bit Axe
22:25 Gold Mining
23:33 Fletching
27:29 Castle Age
25:29 Stone Mining
26:10 Fletching
26:21 Padded Archer Armor
28:07 Elite Skirmisher
28:13 Two-Handed Swordsman
28:54 Squires
28:45 Gambesons
30:03 Chain Mail Armor
29:45 Bodkin Arrow
30:27 Iron Casting
Томас Бэбри
0:36 Loom
10:58 Feudal Age
11:21 Horse Collar
11:31 Double-Bit Axe
15:21 Wheelbarrow
16:57 Fletching
17:07 Padded Archer Armor
17:07 Gold Mining
23:05 Castle Age
23:28 Crossbowman
24:11 Bodkin Arrow
28:23 Leather Archer Armor
29:18 Ballistics
Connection lost

Rejoining the realm…

Still unreachable

The connection could not be restored.

Session expired

The server has moved on; the page needs a fresh start.